 Dungeon Crawl Stone Soup version 0.24-a0-447-ge8da9206dc (webtiles) character file.

Game seed: 2281561667955241492

333 nikopol the Chopper (level 6, -9/82 HPs)
             Began as a Minotaur Berserker on June 25, 2019.
             Was an Elder of Trog.
             Mangled by an ogre
             ... wielding a +0 giant club
              (24 damage)
             ... on level 3 of the Dungeon.
             The game lasted 00:04:22 (2438 turns).

nikopol the Chopper (Minotaur Berserker)            Turns: 2438, Time: 00:04:23

Health: -9/82      AC:  7    Str: 29    XL:     6   Next: 27%
Magic:  5/5        EV: 12    Int:  4    God:    Trog [****..]
Gold:   143        SH:  0    Dex:  9    Spells: 5/5 levels left

rFire    . . .     SeeInvis .   a - +0 hand axe
rCold    . . .     Gourm    .   (no shield)
rNeg     . . .     Faith    .   p - +0 ring mail
rPois    +         Spirit   .   (helmet restricted)
rElec    .         Reflect  .   (no cloak)
rCorr    .         Harm     .   (no gloves)
MR       .....                  j - +1 pair of boots
Stlth    ..........             (no amulet)
HPRegen  0.23/turn              h - ring of poison resistance
MPRegen  0.09/turn              (no ring)

@: berserking, lightly drained, very quick
A: retaliatory headbutt, horns 2
a: Berserk, Trog's Hand, Brothers in Arms, Renounce Religion


You were on level 3 of the Dungeon.
You worshipped Trog.
Trog was greatly pleased with you.
You were hungry.

You visited 1 branch of the dungeon, and saw 3 of its levels.

You collected 143 gold pieces.

Inventory:

Hand Weapons
 a - a +0 hand axe (weapon)
Missiles
 t - 24 arrows
Armour
 b - a +0 animal skin
 j - a +1 pair of boots (worn)
 p - a +0 ring mail (worn)
Jewellery
 h - a ring of poison resistance (left hand)
 l - an uncursed ring of wizardry {unknown}
 n - an uncursed amulet of faith {unknown}
Wands
 r - a wand of paralysis (10)
Scrolls
 e - a scroll of fog {unknown}
 g - 3 scrolls of teleportation {unknown}
 k - 2 scrolls of immolation {unknown}
 m - a scroll of enchant armour {unknown}
 s - a scroll of remove curse {unknown}
Potions
 d - a potion of resistance {unknown}
 f - a potion of curing {unknown}
 i - a potion of magic {unknown}
 o - 2 potions of heal wounds {unknown}
Comestibles
 c - 5 rations
 q - 3 chunks of flesh


   Skills:
 + Level 4.9(4.6) Fighting
 + Level 6.8(6.5) Axes
 + Level 3.5(3.2) Armour
 + Level 3.1(2.8) Dodging
 + Level 0.8(0.6) Stealth


You had 5 spell levels left.
You didn't know any spells.
Your spell library was empty.

Dungeon Overview and Level Annotations

Branches:
Dungeon (3/15)

Altars:


Innate Abilities, Weirdness & Mutations

You reflexively headbutt those who attack you in melee.
You have a pair of horns on your head.


Message History

You are too injured to fight recklessly!
You are too injured to fight recklessly!
You are too injured to fight recklessly!
You are too injured to fight recklessly!
You are too injured to fight recklessly!
You are too injured to fight recklessly!
You are too injured to fight recklessly!
You are too injured to fight recklessly!
You are too injured to fight recklessly!
You are too injured to fight recklessly!
You are too injured to fight recklessly!
You hit the ogre.
The ogre is severely wounded.
The ogre hits you with a +0 giant club!
* * * LOW HITPOINT WARNING * * *
A red film seems to cover your vision as you go berserk!
You feel yourself moving faster!
You feel mighty!
You are feeling hungry.
The ogre hits you with a +0 giant club!!
You die...

#.# #.# ...
#.......# #)#
..# #.=.....#
#.# #.......#
#.# #.......#
#.#### #.......#
#....# #.......#
####.#
#.....O)######.#
#†@.......#
#.######### #.
#. ##


You could see an ogre.

Vanquished Creatures
  2 orc wizards (D:3)
  12 adders
  4 gnolls (D:3)
  3 worms
  2 dart slugs (D:3)
  A leopard gecko (D:3)
  21 orcs (D:3)
  2 ball pythons
  4 giant cockroaches
  7 goblins
  5 hobgoblins
  2 jackals (D:1)
  13 kobolds
  2 quokkas
  9 bats
  4 frilled lizards
  7 rats
100 creatures vanquished.

Notes
Turn   | Place    | Note
-------+----------+-------------------------------------------
     0 | D:1      | nikopol the Minotaur Berserker began the quest for the Orb.
     0 | D:1      | Reached XP level 1. HP: 19/19 MP: 0/0
   149 | D:1      | Reached skill level 4 in Axes
   149 | D:1      | Reached XP level 2. HP: 18/27 MP: 1/1
   473 | D:1      | Reached ** piety under Trog
   613 | D:1      | Reached XP level 3. HP: 28/33 MP: 2/2
   939 | D:2      | Reached skill level 5 in Axes
   946 | D:2      | Reached XP level 4. HP: 26/41 MP: 3/3
  1151 | D:2      | HP: 2/41 [poisoned by an adder]
  1830 | D:3      | Reached *** piety under Trog
  1834 | D:3      | Reached XP level 5. HP: 41/47 MP: 4/4
  1957 | D:3      | Reached skill level 6 in Axes
  2327 | D:3      | Reached XP level 6. HP: 43/55 MP: 5/5
  2433 | D:3      | Reached **** piety under Trog
  2438 | D:3      | Mangled by an ogre

Levels and vault maps discovered:
D:1:      saegor_arrival_simple_e, layout_loops_corners,
          hangedman_abyss_or_decor_lesser_grid, supply_closet_lemuel
D:2:      layout_loops_ring, roderic_serpentine_path, minmay_close_crescents
D:3:      layout_basic

Skill      XL: |  1  2  3  4  5 |
---------------+----------------+-----
Axes           | 4 5 6 |  6.8
Fighting       | 4 |  4.9
Dodging        | 3 |  3.1
Armour         | 3 |  3.5
Stealth        | |  0.8

Action                   |  1- 3 |  4- 6 || total
-------------------------+-------+-------++-------
Melee: Hand axe          |    71 |   125 ||   196
       Headbutt          |     3 |    19 ||    22
Invok: Berserk           |       |     3 ||     3
 Stab: Sleeping          |     1 |       ||     1
  Eat: Chunk             |       |     7 ||     7
Armor: Animal skin       |    18 |     3 ||    21
       Ring mail         |       |    27 ||    27
Dodge: Dodged            |    61 |    81 ||   142

Table legend:
 A = Non-vault XP
 B = Vault XP
 C = Vault XP percentage of total XP
 D = Non-vault monster count
 E = Vault monster count
 F = Vault count percentage of total count
                 A         B        C        D         E       F
            +---------+---------+-------+---------+---------+-------
      Total |     419 |      57 |  12.0 |      93 |       7 |   7.0
            +---------+---------+-------+---------+---------+-------
        D:1 |      45 |       0 |   0.0 |      30 |       0 |   0.0
        D:2 |      79 |      57 |  41.9 |      17 |       7 |  29.2
        D:3 |     295 |       0 |   0.0 |      46 |       0 |   0.0
            +---------+---------+-------+---------+---------+-------
